 Dungeon Crawl Stone Soup version 0.27.1-3-gb3d3a73c9e (webtiles) character file.

Game seed: 771036541978402191

5205 MisterFreud the Carver (level 10, -9/88 HPs)
             Began as a Minotaur Abyssal Knight on Oct 27, 2021.
             Was a High Priest of Lugonu.
             Killed by divine providence
             ... invoked by an orc priest
              (14 damage)
             ... on level 8 of the Dungeon.
             The game lasted 00:12:01 (9782 turns).

MisterFreud the Carver (Minotaur Abyssal Knight)    Turns: 9782, Time: 00:12:02

Health: -9/88      AC: 16    Str: 19    XL:     10   Next: 35%
Magic:  14/14      EV:  6    Int: 15    God:    Lugonu [*****.]
Gold:   621        SH:  5    Dex: 11    Spells: 9/9 levels left

rFire    + . .     SeeInvis .   o - +1 long sword (elec)
rCold    . . .     Faith    .   (no shield)
rNeg     . . .     Spirit   .   h - +1 plate armour
rPois    +         Reflect  +   G - +1 hat
rElec    .         Harm     .   (no cloak)
rCorr    +         Rampage  .   (no gloves)
Will     .....                  t - +0 pair of boots of Lies {Fly rF+ Stlth+}
Stlth    ..........             q - amulet of reflection
HPRegen  0.24/turn              D - +6 ring of intelligence
MPRegen  0.14/turn              H - ring "Jyddoav" {rPois rCorr}

@: lit by a corona, flying, glowing
A: horns 2, retaliatory headbutt
a: Renounce Religion, Depart the Abyss, Bend Space, Banish, Corrupt, Enter the
Abyss


You were on level 8 of the Dungeon.
You worshipped Lugonu.
Lugonu was extremely pleased with you.
You visited 1 branch of the dungeon, and saw 8 of its levels.
You visited the Abyss 1 time.
You also visited: Ossuary.

You collected 650 gold pieces.
You spent 29 gold pieces at shops.

Inventory:

Hand Weapons
 a - a +2 falchion
 n - a +0 morningstar of holy wrath
 o - a +1 long sword of electrocution (weapon)
Missiles
 f - 6 boomerangs
 i - 22 poisoned darts (quivered)
 J - a curare-tipped dart
 L - a throwing net
Armour
 h - a +1 plate armour (worn)
 t - the +0 pair of boots of Lies (worn) {Fly rF+ Stlth+}
   (You found it on level 4 of the Dungeon)

   rF:        It protects you from fire.
   Fly:       It grants you flight.
   Stlth:     It makes you more stealthy.
 G - a +1 hat (worn)
Jewellery
 q - an amulet of reflection (around neck)
 y - a ring of magical power
 D - a +6 ring of intelligence (left hand)
 H - the ring "Jyddoav" (right hand) {rPois rCorr}
   (You found it on level 8 of the Dungeon)

   [ring of poison resistance]

   rPois:     It protects you from poison.
   rCorr:     It protects you from acid and corrosion.
Wands
 b - a wand of acid (6)
 u - a wand of iceblast (9)
 x - a wand of paralysis (9)
 K - a wand of charming (10)
Scrolls
 c - a scroll of magic mapping
 d - 2 scrolls of enchant weapon
 e - a scroll of blinking {unknown}
 g - a scroll of torment
 j - 2 scrolls of teleportation
 k - a scroll of summoning {unknown}
 s - a scroll of brand weapon {unknown}
 v - a scroll of amnesia
 w - 3 scrolls of enchant armour
 z - a scroll of fog {unknown}
 A - 2 scrolls of identify
 E - a scroll of fear {unknown}
 F - a scroll of holy word
 I - a scroll of vulnerability {unknown}
Potions
 l - 4 potions of brilliance
 m - 3 potions of attraction
 p - 3 potions of resistance
 r - a potion of might
 B - 2 potions of flight
 C - 2 potions of curing


   Skills:
 - Level 8.0 Fighting
 + Level 12.6 Long Blades
 - Level 8.0 Armour
 - Level 1.1 Dodging
 * Level 7.1 Invocations


You had 9 spell levels left.
You didn't know any spells.
Your spell library contained the following spells:

 Spells                   Type           Power      Damage    Failure   Level
 Magic Dart               Conj           0%         1d3       99%         1
 Pain                     Necr           0%         1d4       99%         1
 Call Imp                 Summ           0%         N/A       100%        2
 Mephitic Cloud           Conj/Pois/Air  0%         N/A       100%        3
 Agony                    Necr           0%         N/A       100%        5
 Excruciating Wounds      Necr           0%         N/A       100%        5


Dungeon Overview and Level Annotations

Branches:
Dungeon (8/15)             Temple (0/1) D:4         Ossuary (visited)
   Lair: D:8-11

Altars:
Makhleb
Ru

Shops:
D:8 *

Annotations:
D:3 2 transporters, diceflayer's ghost, amateur MiFi


Innate Abilities, Weirdness & Mutations

You have a pair of horns on your head.
You reflexively headbutt those who attack you in melee.


Message History

* * * LOW HITPOINT WARNING * * *
You closely miss the orc priest. Your headbutt misses the orc priest.
An orc wizard comes into view. It is wielding a +0 dagger.
The orc wizard shouts!
You slash the orc priest!
The orc priest is almost dead.
The orc priest hits you but does no damage.
You closely miss the orc priest.
The orc priest is almost dead.
The orc priest hits you but does no damage.
You slash the orc priest!
Lightning courses through the orc priest!
You kill the orc priest!
Lugonu accepts your kill.
The orc wizard gestures wildly while chanting.
The orc wizard flickers and vanishes!
Deactivating autopickup; reactivate with Ctrl-A.
There is an open door here.
There is an open door here.
There is an open door here.
There is an open door here.
Things that are here:
a +0 club; a +0 leather armour; an orc corpse
There is a huge open gate here.
A rat comes into view.
Things that are here:
a +0 scale mail; a +0 mace; a +0 flail You barely miss the rat.
You slash the rat! Lightning courses through the rat!
You kill the rat!
Lugonu accepts your kill.
The two-headed ogre hits you with a +0 giant club!
* * * LOW HITPOINT WARNING * * *
The two-headed ogre hits you with a +0 giant spiked club!
* * * LOW HITPOINT WARNING * * *
The gnoll shaman calls down the wrath of its god upon you.
You are outlined in light.
The orc priest invokes the aid of Beogh against you.
Beogh smites you!
You die...

#.'......g....)....'.)..))...).'.
#'#...........#o...#.........).#'
..#############''''#############
..#.............g..........
###≈≈≈≈≈≈≈≈≈≈≈≈g)..≈≈≈≈≈≈≈≈≈
≈≈≈≈≈≈≈≈≈≈≈≈≈≈≈..(.≈≈≈≈≈≈≈≈≈≈
≈≈≈≈≈≈≈≈≈≈≈≈≈≈≈.O..≈≈≈≈≈≈≈≈≈≈≈
..............................
###............[@...#.........
#..........................#
#..............)....≈......#
####)###...........§.≈.....# #)#
#..........≈...≈..... #.#
##......)#≈..∩..≈.#.. #.#
#######.#.≈...≈....# ####.#####
#....§.≈..<... ##....#...##
#.....≈....>..


You could see a two-headed ogre, a gnoll shaman, an orc priest and a gnoll.

Vanquished Creatures
  A two-headed ogre (D:5)
  Joseph (D:7)
  A hornet (D:8)
  A spriggan (D:7)
  A water moccasin (D:7)
  4 orc warriors
  An ice beast (D:5)
  2 necrophages (D:4)
  2 centaurs (D:8)
  7 ogres
  3 elf zombies (Ossuary)
  3 bullfrogs
  3 kobold brigands (D:8)
  A gnoll sergeant (D:8)
  6 scorpions
  5 wights (D:8)
  4 howler monkeys
  4 centaur zombies
  A human zombie (Ossuary)
  A bullfrog zombie (D:5)
  4 jellies
  2 hounds
  A centaur skeleton (D:7)
  7 orc priests
  A bullfrog skeleton (D:4)
  2 iguanas
  An orc wizard (D:8)
  2 hound skeletons
  3 mummies (Ossuary)
  A howler monkey zombie (D:5)
  3 gnolls (D:8)
  A howler monkey skeleton (D:7)
  10 adders
  2 shadow imps
  2 white imps (D:7)
  An ufetubus (D:5)
  6 adder zombies (Ossuary)
  A worm (D:5)
  21 orcs
  3 endoplasms
  8 giant cockroaches
  7 goblins
  4 hobgoblins
  A jackal (D:3)
  8 kobolds
  5 quokkas
  4 ball pythons
  5 bats
  8 frilled lizards
  A goblin zombie (Ossuary)
  6 hobgoblin zombies (Ossuary)
  3 jackal zombies (Ossuary)
  2 kobold zombies (Ossuary)
  2 orc zombies (Ossuary)
  3 quokka zombies (Ossuary)
  8 rats
  5 rat zombies (Ossuary)
206 creatures vanquished.

Vanquished Creatures (others)
  A gnoll (D:8)
  A bush (D:8)
  A fungus (D:8)
  2 plants (D:8)
5 creatures vanquished.

Grand Total: 211 creatures vanquished

Notes
Turn   | Place    | Note
-------+----------+-------------------------------------------
     0 | Abyss:1  | MisterFreud the Minotaur Abyssal Knight began the quest for
                  | the Orb.
     0 | Abyss:1  | Reached XP level 1. HP: 19/19 MP: 1/1
    58 | Abyss:1  | Noticed a small abomination
    65 | D:1      | Escaped the Abyss
   507 | D:1      | Reached XP level 2. HP: 16/28 MP: 2/2
   507 | D:1      | Reached * piety under Lugonu
  1104 | D:2      | Reached XP level 3. HP: 20/35 MP: 3/3
  1286 | D:2      | Reached skill level 5 in Fighting
  2124 | D:2      | Reached XP level 4. HP: 40/42 MP: 4/4
  2574 | D:3      | Noticed an ogre
  2588 | D:3      | Reached ** piety under Lugonu
  2716 | D:3      | Found a transporter.
  2716 | D:3      | Noticed diceflayer's ghost (amateur MiFi)
  2828 | D:3      | HP: 2/44 [ogre (11)]
  2830 | D:3      | Killed an ogre
  2831 | D:3      | Reached XP level 5. HP: 3/51 MP: 5/5
  3144 | D:3      | Found a transporter.
  3483 | D:3      | Reached skill level 3 in Long Blades
  3483 | D:3      | Reached XP level 6. HP: 45/58 MP: 6/6
  3874 | D:4      | Reached skill level 4 in Long Blades
  3874 | D:4      | Reached skill level 5 in Armour
  3874 | D:4      | Reached XP level 7. HP: 54/67 MP: 7/7
  4040 | D:4      | Found a staircase to the Ecumenical Temple.
  4109 | D:4      | Identified the +0 pair of boots of Lies {Fly rF+ Stlth+}
  4365 | D:5      | Entered Level 5 of the Dungeon
  4695 | D:5      | Reached skill level 5 in Long Blades
  4867 | D:5      | Noticed a two-headed ogre
  4911 | D:6      | Found a sand-covered staircase.
  4920 | Ossuary  | Entered an ossuary
  4955 | Ossuary  | Reached *** piety under Lugonu
  5011 | Ossuary  | Reached skill level 6 in Long Blades
  5019 | Ossuary  | Reached XP level 8. HP: 71/74 MP: 8/8
  5281 | D:5      | Reached skill level 7 in Long Blades
  5288 | D:6      | Reached **** piety under Lugonu
  5835 | D:5      | Reached skill level 8 in Long Blades
  5936 | D:5      | Killed a two-headed ogre
  5937 | D:5      | Reached skill level 10 in Long Blades
  5937 | D:5      | Reached XP level 9. HP: 16/81 MP: 9/9
  6505 | D:5      | Found a sacrificial altar of Ru.
  6509 | D:5      | Found a burning altar of Makhleb.
  7182 | D:7      | Noticed Joseph
  7192 | D:7      | Killed Joseph
  7193 | D:7      | Reached skill level 11 in Long Blades
  8371 | D:8      | Identified the ring "Jyddoav" {rPois rCorr}
  8507 | D:8      | Reached skill level 12 in Long Blades
  8577 | D:8      | Found Fixei's Assorted Antiques.
  8585 | D:8      | Reached skill level 5 in Invocations
  8625 | D:8      | Reached XP level 10. HP: 73/88 MP: 11/13
  9001 | D:8      | Bought a scroll labelled YSTRU XUATUICA for 29 gold pieces
  9386 | D:8      | Reached ***** piety under Lugonu
  9737 | D:8      | Noticed a two-headed ogre
  9782 | D:8      | Killed from afar by an orc priest

Illustrated notes

Levels and vault maps discovered:
D:1:      sevenhm_arrival_forest_fort_small_1, layout_basic,
          minmay_misc_feat_columns
D:2:      minmay_chambers_of_twos, layout_basic, grunt_ministairs_15,
          minivault_19, serial_bayou_pond_e
D:3:      minmay_general_purpose_star, layout_loops_ring,
          gammafunk_ghost_mausoleum, minmay_misc_feat_nine_boxes,
          minmay_misc_feat_five, roderic_roman_lattice, minmay_circle_x
D:4:      layout_loops_cross, minmay_temple_entry_glassed_door
D:5:      layout_loops_corners, gammafunk_temple_overflow_statue
D:6:      layout_basic, nicolae_ossuary_entry_monument
D:7:      layout_gridville, hangedman_abyss_or_decor_stabs, roderic_lattice_a,
          the_hattery, uniq_joseph
D:8:      lemuel_castle_with_subvaults [lemuel_castle_interior_carwin_1],
          layout_rooms, minitemple, dpeg_lair_monsters, serial_shops,
          nicolae_diamond_shop, kb_lookout_dungeons_type, kennysheep_nondescript

Skill      XL: |  1  2  3  4  5  6  7  8  9 10 |
---------------+-------------------------------+-----
Fighting       | 4 5 6 7 8 |  8.0
Armour         | 3 4 5 6 8 |  8.0
Long Blades    | 3 4 6 10 12 | 12.6
Invocations    | 5 7 |  7.1
Dodging        | |  1.1

Action                   |  1- 3 |  4- 6 |  7- 9 | 10-12 || total
-------------------------+-------+-------+-------+-------++-------
Melee: Falchion          |    81 |    51 |       |       ||   132
       Headbutt          |    14 |    10 |    44 |    13 ||    81
       Long sword        |       |    40 |   275 |   111 ||   426
Throw: Boomerang         |       |     4 |     1 |       ||     5
       Dart              |       |       |     5 |     6 ||    11
Invok: Depart the Abyss  |     1 |       |       |       ||     1
Evoke: Wand              |       |       |     3 |       ||     3
  Use: Scroll            |       |     9 |     4 |     1 ||    14
       Potion            |       |       |     2 |     1 ||     3
Armor: Leather armour    |     7 |       |       |       ||     7
       Plate armour      |    45 |    58 |   152 |    31 ||   286
       Skin              |       |       |       |    26 ||    26
Dodge: Dodged            |    25 |    22 |    70 |     6 ||   123
Block: Other             |       |       |    57 |    24 ||    81
       Reflection        |       |       |     2 |       ||     2
       Rpst.: Falchion   |     7 |     5 |       |       ||    12
       Long sword        |       |     4 |    27 |     1 ||    32
